 Dungeon Crawl Stone Soup version 0.18-a0-1347-gb9e2fb4 (webtiles) character file.

170 M4edhros the Sneak (level 5, 0/36 HPs)
             Began as an Octopode Monk on Feb 17, 2016.
             Shot with an arrow by a centaur (6 damage)
             ... on level 4 of the Dungeon.
             The game lasted 00:04:29 (1102 turns).

M4edhros the Sneak (Octopode Monk)                  Turns: 1102, Time: 00:04:29

Health: 0/36       AC:  1    Str: 10    XL:     5   Next: 50%
Magic:  5/5        EV: 10    Int: 15    God:
Gold:   49         SH:  0    Dex: 16    Spells: 0 memorised, 4 levels left

rFire  . . .     SeeInvis .       - Unarmed
rCold  . . .     Gourm    .     (no shield)
rNeg   . . .     Faith    .     (helmet restricted)
rPois  .         Spirit   .     (no amulet)
rElec  .         Dismiss  .     f - +3 ring of intelligence
rCorr  .         Reflect  .     g - -3 ring of evasion (curse)
SustAt .         Harm     .     (no ring)
MR     .....                    (no ring)
Stlth  +++++.....               (no ring)
                                (no ring)
                                (no ring)
                                (no ring)

@: about to teleport, not resistant to hostile enchantments, quite stealthy
A: almost no armour, amphibious, 8 rings, constrict 8, camouflage 1, gelatinous
body 1
a: no special abilities


You were on level 4 of the Dungeon.
You were not hungry.

You visited 1 branch of the dungeon, and saw 4 of its levels.

You collected 49 gold pieces.

Inventory:

Hand Weapons
 h - a +0 hunting sling
Missiles
 j - 70 stones (quivered)
Jewellery
 f - a +3 ring of intelligence (left tentacle)
 g - a cursed -3 ring of evasion (right tentacle)
Scrolls
 b - 4 scrolls of teleportation
 c - a scroll of fog
 e - 2 scrolls of random uselessness
 i - a scroll of recharging
 k - a scroll of enchant armour
Comestibles
 a - 3 bread rations
 d - 3 chunks of flesh
 l - 2 fruits


   Skills:
 - Level 3.0 Fighting
 - Level 3.0 Dodging
 + Level 5.8 Stealth
 + Level 5.4 Unarmed Combat


You had 4 spell levels left.
You didn't know any spells.

Dungeon Overview and Level Annotations

Branches:
Dungeon (4/15)
 Temple: D:4-7

Altars:
Gozag

Annotations:
D:3 Grinder
D:4 exclusion: worker ant


Innate Abilities, Weirdness & Mutations

You cannot wear most types of armour.
You are amphibious.
You can wear up to eight rings at the same time.
You can use your tentacles to constrict eight enemies at once.
Your skin changes colour to match your surroundings (Stealth).
Your rubbery body absorbs attacks (AC +1).


Message History

The hound bites you. The hound misses you.
You tentacle-slap the hound but do no damage.
You squeeze the hound.
You kill the hound!
No target in view!
You see here a giant gecko corpse.
You butcher the giant gecko corpse.
d - 3 chunks of flesh (gained 2)
b - 5 scrolls of teleportation (gained 1)
A giant cockroach comes into view.
An orc comes into view. It is wielding a hand axe.
Found an escape hatch in the ceiling.
A centaur comes into view.
The centaur wields a shortbow.
The centaur shoots an arrow.
The arrow hits you!
* * * LOW HITPOINT WARNING * * *
You see here an arrow.
Read which item? (? for menu, Esc to quit)
As you read the scroll of teleportation, it crumbles to dust.
You feel strangely unstable.
The centaur shoots an arrow.
The arrow hits you.
You die...

...............##
.#.........#.....$. #
..##......#.....##
#........##.......##
.####..?##.. ###.......
......#.#.. ######....##
........#.# #......#....
........#.# #......#....
.......@#.###...........
......#.s.........##....
...c. ###..#......# ####
........##........# ...
#...........# #.
###.........# .
#..#...o.....
...##...##..... ##.S
...........


You could see a centaur, an orc and a giant cockroach.

Vanquished Creatures
  A hound (D:4)
  Terence (D:3)
  A worker ant (D:4)
  3 adders
  2 oozes
  2 worms
  4 giant geckos
  An orc (D:3)
  9 bats
  3 giant cockroaches
  6 goblins
  6 hobgoblins
  2 kobolds
  A ball python (D:3)
  A giant newt (D:1)
  A jackal skeleton (D:3)
  2 rats
46 creatures vanquished.

Vanquished Creatures (others)
  4 toadstools (D:1)
4 creatures vanquished.

Grand Total: 50 creatures vanquished

Notes
Turn   | Place    | Note
--------------------------------------------------------------
     0 | D:1      | M4edhros the Octopode Monk began the quest for the Orb.
     0 | D:1      | Reached XP level 1. HP: 16/16 MP: 1/1
    76 | D:1      | Reached XP level 2. HP: 2/21 MP: 2/2
   133 | D:1      | HP: 1/21 [ooze (5)]
   396 | D:2      | Reached XP level 3. HP: 17/26 MP: 3/3
   557 | D:2      | Found an opulent altar of Gozag.
   668 | D:3      | Noticed Terence
   676 | D:3      | Killed Terence
   676 | D:3      | Reached skill level 5 in Stealth
   676 | D:3      | Reached XP level 4. HP: 13/31 MP: 4/4
   767 | D:3      | Noticed Grinder
   802 | D:3      | Reached skill level 5 in Unarmed Combat
   890 | D:3      | Found a faded altar to an unknown god.
   967 | D:4      | Reached XP level 5. HP: 26/36 MP: 5/5
  1101 | D:4      | Noticed a centaur
  1102 | D:4      | Shot with an arrow by a centaur

Vault maps used:
D:1:      ldierk_walled_garden_2
D:2:      grunt_gozag_breadcrumbs, first_bread, minmay_misc_feat_enclosed,
          minmay_close_crescents
D:3:      ecumenical_altar_1, grunt_ministairs_10, uniq_terence, uniq_grinder
D:4:      nicolae_ru_path_of_blood, gup_sewer_entry_bubbles

Action                   |  1- 3 |  4- 6 || total
-------------------------+-------+-------++-------
Melee: Unarmed           |    61 |    50 ||   111
  Use: Scroll            |     7 |     1 ||     8
       Potion            |       |     1 ||     1
 Stab: Sleeping          |     8 |     3 ||    11
  Eat: Chunk             |       |     1 ||     1
